 Dungeon Crawl Stone Soup version 0.31.0-11-ge490571c62 (webtiles) character file.

Game seed: 4636606062693458812

327 dialectric the Twirler (level 6, -5/52 HPs)
             Began as a Minotaur Wanderer on Feb 2, 2024.
             Slain by an ogre
             ... wielding a +0 giant club
              (25 damage)
             ... on level 4 of the Dungeon.
             The game lasted 00:02:44 (2461 turns).

dialectric the Twirler (Minotaur Wanderer)          Turns: 2461, Time: 00:02:44

Health: -5/52      AC:  0    Str: 19    XL:     6   Next: 24%
Magic:  0/5        EV: 10    Int:  5    God:
Gold:   179        SH:  0    Dex: 13    Spells: 5/5 levels left

rFire   . . .        a - +2 quarterstaff
rCold   . . .        (shield currently unavailable)
rNeg    . . .        c - +0 scale mail
rPois   .            (helmet restricted)
rElec   .            (no cloak)
rCorr   .            (no gloves)
SInv    .            l - +0 pair of boots
Will    .....        v - amulet of guardian spirit Stlth
                     (no ring)
HPRegen 0.28/turn    (no ring)
MPRegen 0.09/turn

%: guardian spirit
@: corroded
A: horns 2, retaliatory headbutt
a: no special abilities


You were on level 4 of the Dungeon.
You visited 1 branch of the dungeon, and saw 4 of its levels.

You collected 179 gold pieces.

Inventory:

Hand Weapons
 a - a +2 quarterstaff (weapon)
 b - a +0 falchion
Missiles
 o - a throwing net (quivered)
 r - 3 poisoned darts
Armour
 c - a +0 scale mail (worn)
 i - a +0 chain mail
 l - a +0 pair of boots (worn)
Jewellery
 v - an amulet of guardian spirit (around neck)
Scrolls
 d - a scroll of blinking
 e - a scroll of immolation {unknown}
 g - 2 scrolls of fog {unknown}
 h - 5 scrolls of teleportation {unknown}
 j - a scroll of amnesia {unknown}
 m - 4 scrolls of identify {unknown}
 n - 2 scrolls of enchant weapon {unknown}
 p - a scroll of fear {unknown}
 q - a scroll of torment {unknown}
 s - a scroll of brand weapon {unknown}
Potions
 f - a potion of mutation {unknown}
 k - a potion of brilliance {unknown}
 t - a potion of haste {unknown}
 u - a potion of magic {unknown}


   Skills:
 * Level 3.8 Fighting
 + Level 1.2 Long Blades
 - Level 7.0 Staves
 - Level 1.0 Throwing
 + Level 4.1 Armour
 * Level 2.9 Dodging
 - Level 1.5 Stealth


You had 5 spell levels left.
You didn't know any spells.
Your spell library contained the following spells:

 Spells                   Type           Power      Damage    Failure   Level
 Fugue of the Fallen      Necr           0%         N/A       99%         3
 Ozocubu's Armour         Ice            0%         N/A       99%         3
 Animate Armour           Summ/Erth      0%         N/A       100%        4
 Manifold Assault         Tloc           0%         N/A       100%        4
 Summon Lightning Spire   Summ/Air       0%         N/A       100%        4
 Lee's Rapid Deconstruct  Erth           0%         3d4*      100%        5


Dungeon Overview and Level Annotations

Branches:
Dungeon (4/15)
 Temple: D:4-7

Altars:
Gozag
Xom
Zin

Annotations:
D:2 1 runed translucent door, Crazy Yiuf


Innate Abilities, Weirdness & Mutations

You have a pair of horns on your head.
You reflexively headbutt those who attack you in melee.


Message History

Your Armour skill increases to level 4!
You have reached level 6!
Items here: ( ) [ †.
Magic restored.
An ogre comes into view. It is wielding a +0 giant club.
The ogre shouts!
A jelly comes into view.
The jelly quivers.
There are monsters nearby!
A ribbon worm comes into view.
The ogre hits you with a +0 giant club!!
There are monsters nearby!
You thump the ogre!
The ogre is moderately wounded.
The ogre closely misses you.
There are monsters nearby!
There are monsters nearby!
You thump the ogre! You headbutt the ogre.
The ogre is almost dead.
You closely miss the ogre.
The ogre is almost dead.
The ogre hits you but does no damage.
The jelly jiggles.
The jelly attacks as it pursues you! The jelly hits you but does no damage.
Okay, then.
You hit the jelly. The acid corrodes you!
Your hands burn!
The jelly is lightly wounded.
The jelly hits you but does no damage.
You hit the jelly. The acid corrodes you!
Your hands burn!
You headbutt the jelly.
The jelly is severely wounded.
The jelly barely misses you. The jelly attacks as it pursues you!
The jelly hits you.
You are splashed with acid!
You thump the jelly!
You kill the jelly!
You hit the ogre. Your headbutt misses the ogre.
The ogre is almost dead.
The ogre hits you with a +0 giant club!!
You die...

.......#
##.##
#.....####.#
#.#
##.........#
#.# #.....#
..#
#....#.##
#.. ##.# #w#
#.. # #.#
##. #.#####
#.O@..######
#####......#
.# ######.#
. #.# ##.
### #.# #..
..# #.# #.#
#.# #)# #.#
#.# #.# #.#
#.# #.#


You could see an ogre.

Vanquished Creatures
  Eustachio (D:4)
  2 jellies (D:4)
  Natasha (D:1)
  4 adders
  A dart slug (D:1)
  A ribbon worm (D:3)
  5 orcs (D:3)
  4 bats
  9 endoplasms
  A giant cockroach (D:1)
  2 goblins
  8 hobgoblins
  2 jackals (D:1)
  3 quokkas (D:2)
  6 ball pythons
  4 frilled lizards
  5 kobolds
  7 rats
66 creatures vanquished.

Notes
Turn   | Place    | Note
-------+----------+-------------------------------------------
     0 | D:1      | dialectric the Minotaur Wanderer began the quest for the
                  | Orb.
     0 | D:1      | dialectric set off with the following items: a +2
                  | quarterstaff, a +0 falchion, a +0 scale mail, a scroll of
                  | blinking.
     0 | D:1      | Reached XP level 1. HP: 14/14 MP: 0/0
    53 | D:1      | Reached XP level 2. HP: 20/20 MP: 1/1
    79 | D:1      | Found a faded altar of an unknown god.
   246 | D:1      | Reached skill level 1 in Dodging
   538 | D:2      | Noticed Natasha
   612 | D:1      | Killed Natasha
   613 | D:1      | Reached XP level 3. HP: 21/26 MP: 2/2
   796 | D:2      | Found a runed translucent door.
   797 | D:2      | Noticed Crazy Yiuf
   889 | D:2      | Reached skill level 7 in Staves
   969 | D:2      | Reached XP level 4. HP: 28/34 MP: 3/3
  1071 | D:2      | Reached skill level 1 in Fighting
  1241 | D:3      | Identified the +0 scale mail of Gravity {rF+++ Str-3}
  1539 | D:3      | Found a glowing silver altar of Zin.
  2102 | D:4      | Found an opulent altar of Gozag.
  2132 | D:4      | Found a shimmering altar of Xom.
  2138 | D:4      | Reached XP level 5. HP: 14/41 MP: 4/4
  2367 | D:4      | Noticed Eustachio
  2381 | D:4      | Killed Eustachio
  2382 | D:4      | Reached XP level 6. HP: 37/51 MP: 2/5
  2461 | D:4      | Slain by an ogre

Illustrated notes

Levels and vault maps discovered:
D:1:      dpeg_arrival_rooms_a, layout_rooms,
          shapermc_ecumenical_altar_totnotflames
D:2:      layout_rooms, kennysheep_generic_room_15, uniq_crazy_yiuf_cottage,
          uniq_natasha
D:3:      layout_loops_ring, zin_treasury, dk_noncrumbling_3,
          serial_bayou_lagoon_a
D:4:      layout_loops_ring, okawaru_metal_pillars_3,
          nicolae_gozag_seed_capital, mainiacjoe_overflow_alcove_1,
          uniq_eustachio

Skill      XL: |  1  2  3  4  5 |
---------------+----------------+-----
Dodging        | 1 2 |  2.9
Armour         | 2 3 4 |  4.1
Staves         | 7 |  7.0
Fighting       | 2 3 |  3.8
Long Blades    | |  1.2
Throwing       | |  1.0
Stealth        | |  1.5

Action                     |  1- 3 |  4- 6 || total
---------------------------+-------+-------++-------
  Melee: Quarterstaff      |    72 |    73 ||   145
         Headbutt          |     6 |     9 ||    15
    Use: Potion            |       |     1 ||     1
 Armour: Scale mail        |    46 |    43 ||    89
  Dodge: Dodged            |    43 |    29 ||    72
